 Dungeon Crawl Stone Soup version 0.29.1-15-g9cfb28693d (webtiles) character file.

Game seed: 14504134453019245772

251 coffeetime the Grasshopper (level 6, 0/50 HPs)
             Began as a Gnoll Warper on July 1, 2023.
             Was a Priest of Zin.
             Slain by a gnoll
             ... wielding a +0 halberd
             ... led by a gnoll bouda
              (8 damage)
             ... on level 4 of the Dungeon.
             The game lasted 00:11:46 (3493 turns).

coffeetime the Grasshopper (Gnoll Warper)           Turns: 3493, Time: 00:11:47

Health: 0/50       AC:  8    Str: 12    XL:     6   Next: 13%
Magic:  14/14      EV: 11    Int: 13    God:    Zin [***...]
Gold:   253        SH:  7    Dex: 11    Spells: 13/15 levels left

rFire   . . .      SeeInvis .   a - +0 spear
rCold   . . .      Faith    .   s - +0 kite shield
rNeg    . . .      Spirit   .   b - +0 leather armour
rPois   .          Reflect  .   (no helmet)
rElec   .          Harm     .   (no cloak)
rCorr   .          Rampage  .   h - +0 pair of gloves
Will    .....                   (no boots)
Stlth   ++........              (no amulet)
HPRegen 0.16/turn               m - +4 ring of protection
MPRegen 0.14/turn               (no ring)

@: no status effects
A: fangs 1, strong nose, distributed training
a: Renounce Religion, Recite, Vitalisation, Imprison, Donate Gold


You were on level 4 of the Dungeon.
You worshipped Zin.
Zin was most pleased with you.
You visited 1 branch of the dungeon, and saw 4 of its levels.

You collected 281 gold pieces.
You donated 28 gold pieces to Zin.

Inventory:

Hand Weapons
 a - a +0 spear (weapon)
Missiles
 d - 4 boomerangs of dispersal
 e - 10 stones (quivered)
 l - 4 javelins
 p - 5 poisoned darts
 r - a boomerang
Armour
 b - a +0 leather armour (worn)
 g - a +0 ring mail
 h - a +0 pair of gloves (worn)
 s - a +0 kite shield (worn)
Jewellery
 m - a +4 ring of protection (left hand)
Scrolls
 c - 2 scrolls of blinking
 j - a scroll of poison
 n - 2 scrolls of enchant armour
 q - 2 scrolls of teleportation {unknown}
Potions
 f - 2 potions of might
 i - a potion of invisibility
 k - 2 potions of attraction
 o - a potion of curing {unknown}
 t - 3 potions of lignification {unknown}


   Skills:
 + Level 4.9 Fighting
 + Level 1.9 Short Blades
 + Level 1.9 Long Blades
 + Level 1.9 Axes
 + Level 1.9 Maces & Flails
 + Level 4.9 Polearms
 + Level 1.9 Staves
 + Level 1.9 Ranged Weapons
 + Level 3.2 Throwing
 + Level 3.2 Armour
 + Level 4.9 Dodging
 + Level 1.9 Stealth
 + Level 1.9 Shields
 + Level 1.9 Unarmed Combat
 + Level 5.3 Spellcasting
 + Level 1.5 Conjurations
 + Level 1.5 Hexes
 + Level 1.5 Summonings
 + Level 1.5 Necromancy
 + Level 5.6 Translocations
 + Level 1.5 Transmutations
 + Level 1.5 Fire Magic
 + Level 1.5 Ice Magic
 + Level 1.5 Air Magic
 + Level 1.5 Earth Magic
 + Level 1.5 Poison Magic
 + Level 2.1 Invocations
 + Level 1.9 Evocations


You had 13 spell levels left.
You knew the following spells:

 Your Spells              Type           Power      Damage    Failure   Level
a - Blink                 Tloc           36%        N/A       11%         2

Your spell library contained the following spells:

 Spells                   Type           Power      Damage    Failure   Level
 Gell's Gravitas          Tloc           18%        N/A       22%         3
 Lesser Beckoning         Tloc           18%        N/A       22%         3
 Teleport Other           Tloc           18%        N/A       22%         3
 Manifold Assault         Tloc           18%        N/A       90%         5


Dungeon Overview and Level Annotations

Branches:
Dungeon (4/15)
 Temple: D:4-7

Altars:
Zin

Shops:
D:3 *


Innate Abilities, Weirdness & Mutations

You have very sharp teeth.
Your uncanny sense of smell can sniff out nearby items.
Your experience applies equally to all skills.


Message History

The dart slug is heavily wounded.
The dart slug launches a dart at you. The slug dart hits you.
* * * LOW HITPOINT WARNING * * *
You block the gnoll's attack.
You hit the dart slug.
You bite the dart slug, but do no damage.
The dart slug is severely wounded.
The dart slug launches a dart at you.
The slug dart hits you but does no damage.
You block the gnoll's attack.
You hit the dart slug.
You kill the dart slug!
You block the gnoll's attack. The gnoll hits you but does no damage.
Items here: ))) [ †.
You hit the gnoll but do no damage. The gnoll closely misses you.
You hit the gnoll.
The gnoll is moderately wounded.
The gnoll barely misses you.
You hit the gnoll.
The gnoll is heavily wounded.
The gnoll closely misses you.
You hit the gnoll.
The gnoll is almost dead.
You block the gnoll's attack.
You barely miss the gnoll.
The gnoll is almost dead.
You block the gnoll's attack.
You hit the gnoll but do no damage.
The gnoll is almost dead.
The gnoll barely misses you.
You hit the gnoll but do no damage.
The gnoll is almost dead.
Your divine stamina fades away.
You block the gnoll's attack.
You barely miss the gnoll.
The gnoll is almost dead.
The gnoll hits you with a +0 halberd!
You die...

. .. ∆ ... ... .. #
#[##### .## #wg@..#
###.. #####)# #...
#.####.#
####.†....####.. ∆
~.............>....
∆
≈≈..##..#.#..####.#
~# ...............#
##.........#####
>..#.##..#.[#####


You could see a gnoll and a dart slug.

Vanquished Creatures
  An orc priest (D:3)
  A gnoll bouda (D:4)
  An orc wizard (D:3)
  2 gnolls (D:4)
  6 adders
  A worm (D:3)
  6 dart slugs
  5 orcs (D:3)
  5 ball pythons
  7 endoplasms
  4 giant cockroaches
  8 hobgoblins
  2 quokkas
  6 bats
  2 frilled lizards
  5 goblins
  7 kobolds
  8 rats
77 creatures vanquished.

Notes
Turn   | Place    | Note
-------+----------+-------------------------------------------
     0 | D:1      | coffeetime the Gnoll Warper began the quest for the Orb.
     0 | D:1      | Reached XP level 1. HP: 20/20 MP: 6/6
   279 | D:1      | Reached XP level 2. HP: 20/26 MP: 7/7
   287 | D:1      | Learned a level 2 spell: Blink
  1025 | D:1      | Reached skill level 5 in Spellcasting
  1025 | D:1      | Reached XP level 3. HP: 31/31 MP: 7/9
  1413 | D:2      | Reached skill level 1 in Invocations
  1482 | D:2      | Reached skill level 1 in Short Blades
  1482 | D:2      | Reached skill level 1 in Long Blades
  1482 | D:2      | Reached skill level 1 in Axes
  1482 | D:2      | Reached skill level 1 in Maces & Flails
  1482 | D:2      | Reached skill level 1 in Staves
  1482 | D:2      | Reached skill level 1 in Ranged Weapons
  1482 | D:2      | Reached skill level 1 in Stealth
  1482 | D:2      | Reached skill level 1 in Shields
  1482 | D:2      | Reached skill level 1 in Unarmed Combat
  1482 | D:2      | Reached skill level 1 in Evocations
  1514 | D:2      | Reached XP level 4. HP: 25/38 MP: 11/11
  1901 | D:2      | Found a faded altar of an unknown god.
  1901 | D:2      | Noticed an eye of devastation
  1904 | D:2      | Noticed a great orb of eyes
  1904 | D:2      | Noticed a golden eye
  1904 | D:2      | Noticed an eye of devastation
  1916 | D:2      | Reached skill level 1 in Conjurations
  1916 | D:2      | Reached skill level 1 in Hexes
  1916 | D:2      | Reached skill level 1 in Summonings
  1916 | D:2      | Reached skill level 1 in Necromancy
  1916 | D:2      | Reached skill level 1 in Transmutations
  1916 | D:2      | Reached skill level 1 in Fire Magic
  1916 | D:2      | Reached skill level 1 in Ice Magic
  1916 | D:2      | Reached skill level 1 in Air Magic
  1916 | D:2      | Reached skill level 1 in Earth Magic
  1916 | D:2      | Reached skill level 1 in Poison Magic
  2139 | D:2      | Prayed at the altar of an unknown god.
  2139 | D:2      | Became a worshipper of Zin the Law-Giver
  2139 | D:2      | Reached * piety under Zin
  2139 | D:2      | Reached ** piety under Zin
  2395 | D:3      | Reached *** piety under Zin
  2843 | D:3      | Found Yterchos's General Store.
  2977 | D:3      | Reached XP level 5. HP: 40/43 MP: 12/12
  3304 | D:4      | Noticed an ogre
  3446 | D:4      | Reached XP level 6. HP: 33/50 MP: 13/13
  3493 | D:4      | Slain by a gnoll

Illustrated notes

Levels and vault maps discovered:
D:1:      dpeg_arrival_rooms_with_view, layout_loops_ring,
          minmay_misc_feat_doors
D:2:      layout_basic, hellmonk_ecumenical_altar_watching_god
D:3:      layout_basic, serial_shops, nicolae_shop_stone,
          minmay_misc_feat_roman, st_stairs_12, kennysheep_generic_room_9
D:4:      kennysheep_slugbush, layout_rooms, zin_scriptorium, minmay_door_square

Skill      XL: |  1  2  3  4  5 |
---------------+----------------+-----
Spellcasting   | 5 |  5.3
Invocations    | 1 2 |  2.1
Short Blades   | 1 |  1.9
Long Blades    | 1 |  1.9
Axes           | 1 |  1.9
Maces & Flails | 1 |  1.9
Staves         | 1 |  1.9
Ranged Weapons | 1 |  1.9
Stealth        | 1 |  1.9
Shields        | 1 |  1.9
Unarmed Combat | 1 |  1.9
Evocations     | 1 |  1.9
Conjurations   | 1 |  1.5
Hexes          | 1 |  1.5
Summonings     | 1 |  1.5
Necromancy     | 1 |  1.5
Transmutations | 1 |  1.5
Fire Magic     | 1 |  1.5
Ice Magic      | 1 |  1.5
Air Magic      | 1 |  1.5
Earth Magic    | 1 |  1.5
Poison Magic   | 1 |  1.5
Throwing       | 3 |  3.2
Armour         | 3 |  3.2
Fighting       | |  4.9
Polearms       | |  4.9
Dodging        | |  4.9
Translocations | |  5.6

Action                   |  1- 3 |  4- 6 || total
-------------------------+-------+-------++-------
Melee: Spear             |   145 |   234 ||   379
       Bite              |     5 |    16 ||    21
       Punch             |     1 |     1 ||     2
Throw: Boomerang         |     3 |       ||     3
       Stone             |       |     2 ||     2
Invok: Recite            |       |     2 ||     2
       Vitalisation      |       |     1 ||     1
  Use: Scroll            |     4 |     1 ||     5
 Stab: Sleeping          |     1 |     4 ||     5
       Confused          |       |     2 ||     2
Armor: Leather armour    |    26 |    69 ||    95
Dodge: Dodged            |    83 |    91 ||   174
Block: Kite shield       |       |    44 ||    44
